TOP OF THE 1ST |
Buchanan HS batting - Pitching for Grand Rapids HS Summit : RHP Jesús Betancourt
|
Pitching: RHP Jesús Betancourt
|
|
Batting: RHB Michael Elliott
|
0-0: Bunted foul 0-1: Ball 1-1: Ball 2-1: Fly out, F9 (Flyball, 89M)
|
Batting: RHB Tommy Reid
|
0-0: Fly out, F8 (Flyball, 8LM)
|
Batting: LHB Jesús Torres
|
0-0: Ball 1-0: Foul Ball, location: 2F 1-1: Swinging Strike 1-2: Foul Ball, location: 2F 1-2: Ball 2-2: Strikes out swinging
|
Top of the 1st over - 0 run(s), 0 hit(s), 0 error(s), 0 left on base; Buchanan HS 0 - Grand Rapids HS 0 |
BOTTOM OF THE 1ST |
Grand Rapids HS Summit batting - Pitching for Buchanan HS : RHP Jesús Caballero
|
Pitching: RHP Jesús Caballero
|
|
Batting: RHB Bob Barnes
|
0-0: Ball 1-0: Called Strike 1-1: Foul Ball, location: 2F 1-2: Foul Ball, location: 2F 1-2: Fly out, F9 (Flyball, 9LS)
|
Batting: LHB Chris Henry
|
0-0: SINGLE (Groundball, 15) (infield hit)
|
Batting: RHB Jonathan Holden
|
0-0: Ball 1-0: Foul Ball, location: 2F 1-1: Ball 2-1: Called Strike Chris Henry steals 2nd base 2-2: Strikes out looking
|
Batting: LHB Carlos Gutiérrez
|
0-0: TRIPLE (Line Drive, 8LD) Chris Henry scores
|
Batting: LHB Harry Adams
|
0-0: Ball 1-0: Foul Ball, location: 2F 1-1: 2-RUN HOME RUN (Flyball, 89XD), Distance : 375 ft
|
Batting: RHB Júlio Ramos
|
0-0: Foul Ball, location: 2F 0-1: Called Strike 0-2: Foul Ball, location: 2F 0-2: Strikes out swinging
|
Bottom of the 1st over - 3 run(s), 3 hit(s), 0 error(s), 0 left on base; Buchanan HS 0 - Grand Rapids HS 3 |
TOP OF THE 2ND |
Buchanan HS batting - Pitching for Grand Rapids HS Summit : RHP Jesús Betancourt
|
Batting: RHB Allen Miller
|
0-0: Ball 1-0: Foul Ball, location: 2F 1-1: Ball 2-1: Ground out 6-3 (Groundball, 56)
|
Batting: RHB Henry Rice
|
0-0: Ball 1-0: Foul Ball, location: 2F 1-1: Ball 2-1: Called Strike 2-2: Ball 3-2: Ground out 2-3 (Groundball, 2L)
|
Batting: RHB Dewey Tyree
|
0-0: Ball 1-0: Ball 2-0: Ball 3-0: Base on Balls
|
Batting: LHB Jeff MacKinney
|
0-0: Ball 1-0: Ball 2-0: Ball 3-0: Called Strike 3-1: Swinging Strike 3-2: Foul Ball, location: 2F 3-2: Base on Balls Dewey Tyree to second
|
Batting: RHB Eugene Logan
|
0-0: Swinging Strike 0-1: Ball 1-1: Swinging Strike 1-2: Strikes out swinging
|
Top of the 2nd over - 0 run(s), 0 hit(s), 0 error(s), 2 left on base; Buchanan HS 0 - Grand Rapids HS 3 |
BOTTOM OF THE 2ND |
Grand Rapids HS Summit batting - Pitching for Buchanan HS : RHP Jesús Caballero
|
Batting: RHB Ramón Espinoza
|
0-0: Called Strike 0-1: Ball 1-1: Swinging Strike 1-2: Ball 2-2: Foul Ball, location: 2F 2-2: Fly out, F7 (Line Drive, 78M)
|
Batting: RHB Leroy Bates
|
0-0: Called Strike 0-1: Ball 1-1: Ball 2-1: Swinging Strike 2-2: Ball 3-2: Foul Ball, location: 2F 3-2: Fly out, F9 (Flyball, 89XD)
|
Batting: RHB Gabriel Bernal
|
0-0: Swinging Strike 0-1: Ball 1-1: Called Strike 1-2: Strikes out swinging
|
Bottom of the 2nd over - 0 run(s), 0 hit(s), 0 error(s), 0 left on base; Buchanan HS 0 - Grand Rapids HS 3 |
TOP OF THE 3RD |
Buchanan HS batting - Pitching for Grand Rapids HS Summit : RHP Jesús Betancourt
|
Batting: RHB Jesús Caballero
|
0-0: Called Strike 0-1: Called Strike 0-2: Ball 1-2: Ball 2-2: Ground out 5-3 (Groundball, 5D)
|
Batting: RHB Michael Elliott
|
0-0: Ground out U3 (Groundball, 3)
|
Batting: RHB Tommy Reid
|
0-0: Ball 1-0: Ball 2-0: Fly out, F9 (Flyball, 89M)
|
Top of the 3rd over - 0 run(s), 0 hit(s), 0 error(s), 0 left on base; Buchanan HS 0 - Grand Rapids HS 3 |
BOTTOM OF THE 3RD |
Grand Rapids HS Summit batting - Pitching for Buchanan HS : RHP Jesús Caballero
|
Batting: RHB Bob Barnes
|
0-0: Called Strike 0-1: Ball 1-1: Swinging Strike 1-2: Foul Ball, location: 2F 1-2: Foul Ball, location: 2F 1-2: Ball 2-2: Ball 3-2: SINGLE (Line Drive, 4MD)
|
Batting: LHB Chris Henry
|
0-0: Ball 1-0: Ball 2-0: Ball 3-0: Called Strike 3-1: Grounds into double play, U4-3 (Groundball, 4)
|
Batting: RHB Jonathan Holden
|
0-0: Ball 1-0: Ball 2-0: Called Strike 2-1: Called Strike 2-2: Ball 3-2: Foul Ball, location: 2F 3-2: Foul Ball, location: 2F 3-2: Strikes out swinging
|
Bottom of the 3rd over - 0 run(s), 1 hit(s), 0 error(s), 0 left on base; Buchanan HS 0 - Grand Rapids HS 3 |
TOP OF THE 4TH |
Buchanan HS batting - Pitching for Grand Rapids HS Summit : RHP Jesús Betancourt
|
Batting: LHB Jesús Torres
|
0-0: Ground out 4-3 (Groundball, 34S)
|
Batting: RHB Allen Miller
|
0-0: Ball 1-0: Ball 2-0: Swinging Strike 2-1: Foul Ball, location: 2F 2-2: Foul Ball, location: 2F 2-2: Strikes out swinging
|
Batting: RHB Henry Rice
|
0-0: Called Strike 0-1: Called Strike 0-2: Ball 1-2: Ball 2-2: Ball 3-2: Foul Ball, location: 2F 3-2: Foul Ball, location: 2F 3-2: Base on Balls
|
Batting: RHB Dewey Tyree
|
0-0: Called Strike 0-1: Ball 1-1: DOUBLE (Line Drive, 9LM) Henry Rice to third
|
Batting: LHB Jeff MacKinney
|
0-0: Ball 1-0: Called Strike 1-1: Called Strike 1-2: Foul Ball, location: 2F 1-2: Ball 2-2: Strikes out swinging
|
Top of the 4th over - 0 run(s), 1 hit(s), 0 error(s), 2 left on base; Buchanan HS 0 - Grand Rapids HS 3 |
BOTTOM OF THE 4TH |
Grand Rapids HS Summit batting - Pitching for Buchanan HS : RHP Jesús Caballero
|
Batting: LHB Carlos Gutiérrez
|
0-0: Ball 1-0: Ball 2-0: Foul Ball, location: 2F 2-1: SINGLE (Line Drive, 89M)
|
Batting: LHB Harry Adams
|
0-0: Ball 1-0: Fly out, F6 (Popup, 56D)
|
Batting: RHB Júlio Ramos
|
0-0: Called Strike 0-1: Ball 1-1: Foul Ball, location: 2F 1-2: Strikes out looking
|
Batting: RHB Ramón Espinoza
|
0-0: Called Strike 0-1: Ground out 6-3 (Groundball, 6)
|
Bottom of the 4th over - 0 run(s), 1 hit(s), 0 error(s), 1 left on base; Buchanan HS 0 - Grand Rapids HS 3 |
TOP OF THE 5TH |
Buchanan HS batting - Pitching for Grand Rapids HS Summit : RHP Jesús Betancourt
|
Batting: RHB Eugene Logan
|
0-0: Ball 1-0: Fly out, F8 (Flyball, 8LS)
|
Batting: RHB Jesús Caballero
|
0-0: SINGLE (Flyball, 89S)
|
Batting: RHB Michael Elliott
|
0-0: Called Strike 0-1: Swinging Strike 0-2: Foul Ball, location: 2F 0-2: Fielders Choice at 2nd, 2-6 (Groundball, 2R)
|
Batting: RHB Tommy Reid
|
0-0: Swinging Strike 0-1: Fielders Choice at 2nd, U4 (Groundball, 4M)
|
Top of the 5th over - 0 run(s), 1 hit(s), 0 error(s), 1 left on base; Buchanan HS 0 - Grand Rapids HS 3 |
BOTTOM OF THE 5TH |
Grand Rapids HS Summit batting - Pitching for Buchanan HS : RHP Jesús Caballero
|
Batting: RHB Leroy Bates
|
0-0: Foul Ball, location: 2F 0-1: Foul Ball, location: 2F 0-2: Strikes out swinging
|
Batting: RHB Gabriel Bernal
|
0-0: Called Strike 0-1: Ball 1-1: SINGLE (Groundball, 34)
|
Batting: RHB Bob Barnes
|
0-0: Ball 1-0: Foul Ball, location: 2F 1-1: Called Strike 1-2: Ball 2-2: Foul Ball, location: 2F 2-2: Foul Ball, location: 2F 2-2: Fly out, F3 (Line Drive, 3)
|
Pitching: RHP Pierre Breton
|
|
Batting: LHB Chris Henry
|
0-0: Called Strike 0-1: Foul Ball, location: 2F 0-2: Ball 1-2: Foul Ball, location: 2F 1-2: SINGLE (Flyball, 89M) Gabriel Bernal to second
|
Batting: RHB Jonathan Holden
|
0-0: Foul Ball, location: 2F 0-1: Foul Ball, location: 2F 0-2: Foul Ball, location: 2F 0-2: Strikes out swinging
|
Bottom of the 5th over - 0 run(s), 2 hit(s), 0 error(s), 2 left on base; Buchanan HS 0 - Grand Rapids HS 3 |
TOP OF THE 6TH |
Buchanan HS batting - Pitching for Grand Rapids HS Summit : RHP Jesús Betancourt
|
Batting: LHB Jesús Torres
|
0-0: Called Strike 0-1: Swinging Strike 0-2: Foul Ball, location: 2F 0-2: Strikes out looking
|
Pitching: LHP José Padilla
|
|
Batting: RHB Allen Miller
|
0-0: Called Strike 0-1: Foul Ball, location: 2F 0-2: Fly out, F8 (Flyball, 78M)
|
Batting: RHB Henry Rice
|
0-0: Called Strike 0-1: Swinging Strike 0-2: Ball 1-2: Ball 2-2: Ball 3-2: Base on Balls
|
Batting: RHB Dewey Tyree
|
0-0: Fly out, F8 (Line Drive, 8LM)
|
Top of the 6th over - 0 run(s), 0 hit(s), 0 error(s), 1 left on base; Buchanan HS 0 - Grand Rapids HS 3 |
BOTTOM OF THE 6TH |
Grand Rapids HS Summit batting - Pitching for Buchanan HS : RHP Pierre Breton
|
Batting: LHB Carlos Gutiérrez
|
0-0: Called Strike 0-1: Ground out 4-3 (Groundball, 4)
|
Batting: LHB Harry Adams
|
0-0: Ball 1-0: Swinging Strike 1-1: Ball 2-1: Ball 3-1: Ground out 4-3 (Groundball, 4)
|
Batting: RHB Júlio Ramos
|
0-0: Ball 1-0: Foul Ball, location: 2F 1-1: Ball 2-1: Foul Ball, location: 2F 2-2: Ground out 4-3 (Groundball, 4)
|
Bottom of the 6th over - 0 run(s), 0 hit(s), 0 error(s), 0 left on base; Buchanan HS 0 - Grand Rapids HS 3 |
TOP OF THE 7TH |
Buchanan HS batting - Pitching for Grand Rapids HS Summit : LHP José Padilla
|
Batting: LHB Jeff MacKinney
|
0-0: Swinging Strike 0-1: Swinging Strike 0-2: Strikes out swinging
|
Batting: RHB Eugene Logan
|
0-0: Called Strike 0-1: SINGLE (Flyball, 8LS)
|
Batting: RHB Jesús Caballero
|
0-0: Foul Ball, location: 2F 0-1: SINGLE (Groundball, 15) (infield hit) Eugene Logan to second
|
Batting: RHB Michael Elliott
|
0-0: Called Strike 0-1: Fly out, F9 (Line Drive, 9M)
|
Batting: RHB Tommy Reid
|
0-0: Swinging Strike 0-1: Called Strike 0-2: Foul Ball, location: 2F 0-2: Strikes out swinging
|
Top of the 7th over - 0 run(s), 2 hit(s), 0 error(s), 2 left on base; Buchanan HS 0 - Grand Rapids HS 3 |
BOTTOM OF THE 7TH |
Grand Rapids HS Summit batting - Pitching for Buchanan HS : RHP Pierre Breton
|
Batting: RHB Ramón Espinoza
|
0-0: Ball 1-0: Swinging Strike 1-1: Swinging Strike 1-2: Ball 2-2: Ground out 3-1 (Groundball, 34)
|
Batting: RHB Leroy Bates
|
0-0: Ball 1-0: Ball 2-0: Ball 3-0: Base on Balls
|
Batting: RHB Gabriel Bernal
|
0-0: Ball 1-0: Foul Ball, location: 2F 1-1: Ball Wild Pitch! Leroy Bates to second 2-1: Swinging Strike 2-2: Ball 3-2: Foul Ball, location: 2F 3-2: Foul Ball, location: 2F 3-2: Base on Balls
|
Batting: RHB Bob Barnes
|
0-0: Called Strike 0-1: Foul Ball, location: 2F 0-2: Fly out, F8 (Flyball, 8RS)
|
Batting: LHB Chris Henry
|
0-0: Ground out 4-3 (Groundball, 4)
|
Bottom of the 7th over - 0 run(s), 0 hit(s), 0 error(s), 2 left on base; Buchanan HS 0 - Grand Rapids HS 3 |
TOP OF THE 8TH |
Buchanan HS batting - Pitching for Grand Rapids HS Summit : LHP José Padilla
|
Now at C: Rob Walker
|
|
Batting: LHB Jesús Torres
|
0-0: Fly out, F8 (Flyball, 8RM)
|
Pitching: LHP Michel Sharkey
|
|
Batting: RHB Allen Miller
|
0-0: Hit by Pitch
|
Batting: RHB Henry Rice
|
0-0: Ball 1-0: SINGLE (Groundball, 34D) Allen Miller to second Runner from 2nd tries for 3rd, SAFE, no throw or cutoff
|
Batting: RHB Dewey Tyree
|
0-0: Ball 1-0: Swinging Strike 1-1: Ball 2-1: Swinging Strike 2-2: Fielders Choice at 2nd, 6-4 (Groundball, 6) Allen Miller scores
|
Batting: LHB Jeff MacKinney
|
0-0: Fielders Choice at 2nd, U6 (Groundball, 6M)
|
Top of the 8th over - 1 run(s), 1 hit(s), 0 error(s), 1 left on base; Buchanan HS 1 - Grand Rapids HS 3 |
BOTTOM OF THE 8TH |
Grand Rapids HS Summit batting - Pitching for Buchanan HS : RHP Pierre Breton
|
Pitching: LHP James Montgomery
|
|
Batting: RHB Jonathan Holden
|
0-0: Foul Ball, location: 2F 0-1: Fly out, F9 (Flyball, 9M)
|
Batting: LHB Carlos Gutiérrez
|
0-0: Fly out, F8 (Flyball, 8RS)
|
Batting: LHB Harry Adams
|
0-0: Ball 1-0: Called Strike 1-1: Ball 2-1: Ball 3-1: Base on Balls
|
Batting: RHB Júlio Ramos
|
0-0: Ball 1-0: Ground out 5-3 (Groundball, 5L)
|
Bottom of the 8th over - 0 run(s), 0 hit(s), 0 error(s), 1 left on base; Buchanan HS 1 - Grand Rapids HS 3 |
TOP OF THE 9TH |
Buchanan HS batting - Pitching for Grand Rapids HS Summit : LHP Michel Sharkey
|
Batting: RHB Eugene Logan
|
0-0: Ball 1-0: Called Strike Error on foul ball, E3 1-2: Ball 2-2: Ball 3-2: Base on Balls
|
Batting: RHB Jesús Caballero
|
0-0: Ball 1-0: Grounds into double play, 1-6-3 (Groundball, 23)
|
Batting: RHB Michael Elliott
|
0-0: Ball 1-0: Ball 2-0: Ball 3-0: Base on Balls
|
Batting: RHB Tommy Reid
|
0-0: Ball 1-0: Fly out, F8 (Flyball, 8RM)
|
Top of the 9th over - 0 run(s), 0 hit(s), 1 error(s), 1 left on base; Buchanan HS 1 - Grand Rapids HS 3 |
|